 Dungeon Crawl Stone Soup version 0.22-a0-157-g169b76a (webtiles) character file.

92 varam the Quickloader (level 4, 0/34 HPs)
             Began as a Gnoll Wanderer on Feb 8, 2018.
             Slain by an adder (1 damage)
             ... on level 3 of the Dungeon.
             The game lasted 00:04:31 (1860 turns).

varam the Quickloader (Gnoll Wanderer)              Turns: 1860, Time: 00:04:32

Health: 0/34       AC:  5    Str: 15    XL:     4   Next: 60%
Magic:  8/8        EV: 11    Int: 14    God:
Gold:   101        SH:  0    Dex: 15    Spells: 9/9 levels left

rFire    . . .     SeeInvis .   k - -2 whip (curse)
rCold    . . .     Gourm    .   (no shield)
rNeg     . . .     Faith    .   c - +0 ring mail
rPois    .         Spirit   .   (no helmet)
rElec    .         Reflect  .   (no cloak)
rCorr    .         Harm     .   (no gloves)
MR       .....                  (no boots)
Stlth    ..........             (no amulet)
HPRegen  0.11/turn              e - ring of loudness
MPRegen  0.11/turn              (no ring)

@: lethally poisoned (0 -> -11)
A: distributed training, fangs 1, strong nose
a: no special abilities


You were on level 3 of the Dungeon.
You were not hungry.

You visited 1 branch of the dungeon, and saw 3 of its levels.

You collected 101 gold pieces.

Inventory:

Hand Weapons
 a - a +0 short sword
 k - a cursed -2 whip (weapon)
 l - a +1 dagger of distortion
 w - a +2 hand crossbow
Missiles
 b - 31 bolts
Armour
 c - a +0 ring mail (worn)
Jewellery
 e - a ring of loudness (left hand)
Scrolls
 d - 2 scrolls of teleportation
 n - 2 scrolls of enchant armour {unknown}
 p - 2 scrolls of identify {unknown}
 q - a scroll of magic mapping {unknown}
 r - a scroll of blinking
 s - a scroll of enchant weapon {unknown}
Potions
 g - 2 potions of curing {unknown}
 i - a potion of invisibility {unknown}
 j - a potion of agility {unknown}
 m - a potion of might {unknown}
Comestibles
 f - 3 rations
 o - 6 chunks of flesh


   Skills:
 + Level 2.7 Fighting
 + Level 1.1 Short Blades
 + Level 1.1 Long Blades
 + Level 1.1 Axes
 + Level 1.1 Maces & Flails
 + Level 1.1 Polearms
 + Level 1.1 Staves
 + Level 1.1 Slings
 + Level 1.1 Bows
 + Level 8.5 Crossbows
 + Level 4.6 Throwing
 + Level 1.1 Armour
 + Level 1.1 Dodging
 + Level 1.1 Stealth
 + Level 1.1 Shields
 + Level 1.1 Unarmed Combat
 + Level 3.0 Spellcasting
 + Level 0.9 Conjurations
 + Level 0.9 Hexes
 + Level 0.9 Charms
 + Level 0.9 Summonings
 + Level 0.9 Necromancy
 + Level 0.9 Translocations
 + Level 0.9 Transmutations
 + Level 0.9 Fire Magic
 + Level 0.9 Ice Magic
 + Level 0.9 Air Magic
 + Level 2.2 Earth Magic
 + Level 2.2 Poison Magic
 + Level 1.2 Invocations
 + Level 1.1 Evocations


You had 9 spell levels left.
You didn't know any spells.

Dungeon Overview and Level Annotations

Branches:
Dungeon (3/15)

Altars:
Trog
Vehumet


Innate Abilities, Weirdness & Mutations

Your experience applies equally to all skills.
You have very sharp teeth.
Your uncanny sense of smell can sniff out nearby items.


Message History

You feel sick.
The adder bites you but does no damage. x2
You hit the adder.
The adder is severely wounded.
* * * LOW HITPOINT WARNING * * *
You feel sick. The adder bites you.
* * * LOW HITPOINT WARNING * * *
You miss the adder.
The adder is severely wounded.
* * * LOW HITPOINT WARNING * * *
You feel sick. The adder bites you but does no damage.
You hit the adder.
The adder is severely wounded.
* * * LOW HITPOINT WARNING * * *
You feel sick. The adder bites you but does no damage.
The adder barely misses you.
You hit the adder but do no damage. Your bite misses the adder.
The adder is severely wounded.
* * * LOW HITPOINT WARNING * * *
You feel sick. The adder bites you.
You die...

#.# #.# #.# #.# #.#
##.## #.# ##...## #.#
..... #.# ...
######.# #S# #..)...#
.#####@#######.######
#...............#
#######.######### #.#
#.# #.# #.# #.# ∆ #[


You could see an adder.

Vanquished Creatures
  3 adders (D:2)
  An ooze (D:2)
  3 dart slugs (D:1)
  A leopard gecko (D:1)
  5 bats
  5 giant cockroaches
  10 goblins
  6 hobgoblins
  A ball python (D:2)
  4 frilled lizards (D:1)
  10 kobolds
  5 rats
54 creatures vanquished.

Notes
Turn   | Place    | Note
-------+----------+-------------------------------------------
     0 | D:1      | varam the Gnoll Wanderer began the quest for the Orb.
     0 | D:1      | varam set off with: a +2 hand crossbow, 26 bolts, a +0 ring mail, a scroll of teleportation, a ration
     0 | D:1      | Reached XP level 1. HP: 17/17 MP: 4/4
   125 | D:1      | Reached skill level 2 in Earth Magic
   125 | D:1      | Reached skill level 2 in Poison Magic
   177 | D:1      | Reached XP level 2. HP: 10/23 MP: 5/5
   571 | D:1      | Reached XP level 3. HP: 21/28 MP: 7/7
  1274 | D:2      | Reached skill level 1 in Invocations
  1409 | D:2      | Found a radiant altar of Vehumet.
  1440 | D:2      | Reached skill level 1 in Short Blades
  1440 | D:2      | Reached skill level 1 in Long Blades
  1440 | D:2      | Reached skill level 1 in Axes
  1440 | D:2      | Reached skill level 1 in Maces & Flails
  1440 | D:2      | Reached skill level 1 in Polearms
  1440 | D:2      | Reached skill level 1 in Staves
  1440 | D:2      | Reached skill level 1 in Slings
  1440 | D:2      | Reached skill level 1 in Bows
  1440 | D:2      | Reached skill level 1 in Armour
  1440 | D:2      | Reached skill level 1 in Dodging
  1440 | D:2      | Reached skill level 1 in Stealth
  1440 | D:2      | Reached skill level 1 in Shields
  1440 | D:2      | Reached skill level 1 in Unarmed Combat
  1440 | D:2      | Reached skill level 1 in Evocations
  1489 | D:2      | Reached XP level 4. HP: 34/34 MP: 8/8
  1557 | D:2      | Reached skill level 3 in Spellcasting
  1626 | D:2      | Found a bloodstained altar of Trog.
  1858 | D:3      | HP: 3/34 [poisoned by an adder]
  1860 | D:3      | HP: 1/34 [poisoned by an adder]
  1860 | D:3      | Slain by an adder

Vault maps used:
D:1:      roderic_dead_forest, roderic_roman_lattice
D:2:      bloody_trog, overflow_temple_1_default
D:3:      first_ration, nicolae_ru_sacrificial_ziggurat

Skill      XL: |  1  2  3  4 |
---------------+-------------+-----
Earth Magic    | 2 |  2.2
Poison Magic   | 2 |  2.2
Invocations    | 1 |  1.2
Short Blades   | 1 |  1.1
Long Blades    | 1 |  1.1
Axes           | 1 |  1.1
Maces & Flails | 1 |  1.1
Polearms       | 1 |  1.1
Staves         | 1 |  1.1
Slings         | 1 |  1.1
Bows           | 1 |  1.1
Armour         | 1 |  1.1
Dodging        | 1 |  1.1
Stealth        | 1 |  1.1
Shields        | 1 |  1.1
Unarmed Combat | 1 |  1.1
Evocations     | 1 |  1.1
Spellcasting   | 3 |  3.0
Fighting       | |  2.7
Crossbows      | |  8.5
Throwing       | |  4.6
Conjurations   | |  0.9
Hexes          | |  0.9
Charms         | |  0.9
Summonings     | |  0.9
Necromancy     | |  0.9
Translocations | |  0.9
Transmutations | |  0.9
Fire Magic     | |  0.9
Ice Magic      | |  0.9
Air Magic      | |  0.9

Action                   |  1- 3 |  4- 6 || total
-------------------------+-------+-------++-------
Melee: Short sword       |   115 |    30 ||   145
       Dagger            |     7 |       ||     7
       Bite              |    10 |     7 ||    17
       Whip              |       |    23 ||    23
       Punch             |       |     1 ||     1
 Fire: Hand crossbow     |    17 |    26 ||    43
  Use: Scroll            |     2 |       ||     2
  Eat: Chunk             |     2 |     1 ||     3
Armor: Ring mail         |    48 |    28 ||    76
Dodge: Dodged            |    73 |    27 ||   100

Table legend:
 A = Spawn XP
 B = Non-spawn XP
 C = Spawn XP percentage of total XP
 D = Spawn monster count
 E = Non-spawn monster count
 F = Spawn count percentage of total count
 G = Total turns spent on level
                    A         B        C        D         E        F      G
               +---------+---------+-------+---------+---------+-------+---------
         Total |       0 |     132 |   0.0 |       0 |      54 |   0.0 |  1860
               +---------+---------+-------+---------+---------+-------+---------
           D:1 |       0 |      51 |   0.0 |       0 |      27 |   0.0 |  1251
           D:2 |       0 |      75 |   0.0 |       0 |      24 |   0.0 |   539
           D:3 |       0 |       6 |   0.0 |       0 |       3 |   0.0 |    70
               +---------+---------+-------+---------+---------+-------+---------
